 Dungeon Crawl Stone Soup version 0.22-a0-352-gc608dd7 (webtiles) character file.

457 Amnesiac the Digger (level 6, 0/41 HPs)
             Began as a Mummy Earth Elementalist on Apr 15, 2018.
             Killed by divine providence
             ... invoked by an orc priest
              (9 damage)
             ... on level 5 of the Dungeon.
             The game lasted 00:04:12 (1920 turns).

Amnesiac the Digger (Mummy Earth Elementalist)      Turns: 1920, Time: 00:04:12

Health: 0/41       AC:  2    Str: 12    XL:     6   Next: 77%
Magic:  0/14       EV: 12    Int: 20    God:
Gold:   69         SH:  0    Dex: 12    Spells: 5/15 levels left

rFire    x . .     SeeInvis .   a - +0 dagger (drain)
rCold    + . .     Gourm    .   (no shield)
rNeg     + + +     Faith    .   c - +0 robe
rPois    ∞         Spirit   .   (no helmet)
rElec    .         Reflect  .   (no cloak)
rCorr    .         Harm     .   (no gloves)
MR       .....                  (no boots)
Stlth    ++........             (no amulet)
HPRegen  0.13/turn              k - +4 ring of intelligence
MPRegen  0.14/turn              (no ring)

@: about to teleport
A: no food or potions, fire vulnerability, cold resistance 1, negative energy
resistance 3, torment resistance, unbreathing
a: no special abilities


You were on level 5 of the Dungeon.
You were not hungry.

You visited 1 branch of the dungeon, and saw 5 of its levels.

You collected 69 gold pieces.

Inventory:

Hand Weapons
 a - a +0 dagger of draining (weapon)
Missiles
 b - 150 stones (quivered)
 g - 2 throwing nets
Armour
 c - a +0 robe (worn)
 h - a +0 shield
Jewellery
 k - a +4 ring of intelligence (left hand)
Scrolls
 e - a scroll of fog {!r}
 f - a scroll of enchant armour {!r, unknown}
 i - a scroll of magic mapping {!r}


   Skills:
 - Level 1.5 Dodging
 - Level 1.5 Stealth
 + Level 5.4 Spellcasting
 - Level 0.7 Transmutations
 * Level 5.5 Earth Magic


You had 5 spell levels left.
You knew the following spells:

 Your Spells              Type           Power        Failure   Level  Hunger
a - Sandblast             Erth           ####..       1%          1    N/A
b - Passwall              Tmut/Erth      ###.......   4%          2    N/A
c - Stone Arrow           Conj/Erth      ###...       11%         3    N/A
e - Petrify               Tmut/Erth      ###.....     30%         4    N/A

Dungeon Overview and Level Annotations

Branches:
Dungeon (5/15)
 Temple: D:4-7

Altars:
Ashenzari
Kikubaaqudgha
Makhleb
Nemelex Xobeh
Ru
Wu Jian
Xom
The Shining One


Innate Abilities, Weirdness & Mutations

You do not eat or drink.
Your flesh is vulnerable to fire.
You are immune to poison.
Your flesh is cold resistant. (rC+)
You are immune to negative energy. (rN+++)
You are immune to unholy pain and torment.
You can survive without breathing.


Message History

Casting: Sandblast (safe; 1% risk of failure)
Confirm with . or Enter, or press ? or * to list all spells.
Aiming: Sandblast (safe; 1% risk of failure)
Press: ? - help, Shift-Dir - straight line, f - orc
Aim: an orc, wielding a dagger The blast of sand hits the orc.
You kill the orc!
b - 152 stones
Casting: Sandblast (safe; 1% risk of failure)
Confirm with . or Enter, or press ? or * to list all spells.
You can't see any susceptible monsters within range! (Use Z to cast anyway.)
Casting: Sandblast (safe; 1% risk of failure)
Confirm with . or Enter, or press ? or * to list all spells.
You can't see any susceptible monsters within range! (Use Z to cast anyway.)
An orc priest comes into view. It is wielding a club.
The orc priest miscasts a cantrip.
A phantom comes into view.
You hear the hiss of a distant avalanche of sand.
Casting: Sandblast (safe; 1% risk of failure)
Confirm with . or Enter, or press ? or * to list all spells.
Aiming: Sandblast (safe; 1% risk of failure)
Press: ? - help, Shift-Dir - straight line, f - orc priest
Aim: an orc priest, wielding a club and wearing a chain mail The blast of sand hits the orc priest.
b - 151 stones 2 orc priests come into view.
Casting: Sandblast (safe; 1% risk of failure)
Confirm with . or Enter, or press ? or * to list all spells.
Aiming: Sandblast (safe; 1% risk of failure)
Press: ? - help, Shift-Dir - straight line, f/p - orc priest
Aim: an orc priest, wielding a club and wearing a chain mail The blast of sand hits the orc priest.
The orc priest is almost dead.
b - 150 stones The orc priest shouts!
The orc priest hits you with a club.
* * * LOW HITPOINT WARNING * * *
The orc priest moves out of view.
Casting: Sandblast (safe; 1% risk of failure)
Confirm with . or Enter, or press ? or * to list all spells.
You don't have enough magic to cast that spell.
Casting: Sandblast (safe; 1% risk of failure)
Confirm with . or Enter, or press ? or * to list all spells.
You don't have enough magic to cast that spell.
Casting: Sandblast (safe; 1% risk of failure)
Confirm with . or Enter, or press ? or * to list all spells.
You don't have enough magic to cast that spell.
Unknown command.
You barely miss the orc priest.
The orc priest is almost dead.
The orc priest hits you but does no damage.
You hit the orc priest.
The orc priest is almost dead.
The orc priest barely misses you.
The orc priest calls upon Beogh to heal the orc priest.
The orc priest is healed somewhat.
Really read
d - a scroll of teleportation {!r}?
As you read the scroll of teleportation {!r}, it crumbles to dust.
You feel strangely unstable. The phantom hits you.
* * * LOW HITPOINT WARNING * * *
The phantom blinks!
The orc priest mumbles some strange prayers to Beogh against you.
Beogh smites you!
You die...

############ .....#.....##
............##
......$.......#
...............#
.........@.....#
........§o.....#
...............#
...............#
#..W...o...)..##
#.....o.....##
##############.######
..........# #......#######
..........###......o......


You could see a phantom and 3 orc priests.

Vanquished Creatures
  An ice beast (D:5)
  A bullfrog (D:3)
  A howler monkey (D:5)
  A crimson imp (D:5)
  An orc priest (D:3)
  A hound (D:4)
  An orc wizard (D:5)
  A worker ant (D:4)
  2 gnolls (D:5)
  3 adders (D:2)
  An ooze (D:3)
  3 dart slugs
  A leopard gecko (D:3)
  9 orcs
  5 bats
  2 giant cockroaches
  A goblin (D:3)
  4 hobgoblins
  9 jackals
  3 frilled lizards
  4 kobolds
  5 rats
60 creatures vanquished.

Notes
Turn   | Place    | Note
-------+----------+-------------------------------------------
     0 | D:1      | Amnesiac the Mummy Earth Elementalist began the quest for the Orb.
     0 | D:1      | Reached XP level 1. HP: 13/13 MP: 4/4
   173 | D:1      | Reached XP level 2. HP: 19/19 MP: 2/5
   717 | D:2      | Reached XP level 3. HP: 17/24 MP: 0/7
   721 | D:2      | Learned a level 2 spell: Passwall
   725 | D:2      | Learned a level 3 spell: Stone Arrow
   922 | D:3      | Noticed a bullfrog
   965 | D:2      | Reached XP level 4. HP: 8/30 MP: 1/9
  1139 | D:2      | Learned a level 4 spell: Petrify
  1198 | D:3      | Killed a bullfrog
  1198 | D:3      | Reached XP level 5. HP: 29/35 MP: 2/11
  1680 | D:4      | Found a shimmering altar of Xom.
  1681 | D:4      | Found an ancient bone altar of Kikubaaqudgha.
  1691 | D:4      | Found an ornate altar of the Wu Jian Council.
  1691 | D:4      | Found a sacrificial altar of Ru.
  1691 | D:4      | Found a burning altar of Makhleb.
  1693 | D:4      | Found a sparkling altar of Nemelex Xobeh.
  1693 | D:4      | Found a glowing golden altar of the Shining One.
  1694 | D:4      | Found a shattered altar of Ashenzari.
  1712 | D:5      | Entered Level 5 of the Dungeon
  1735 | D:5      | Reached XP level 6. HP: 12/41 MP: 1/13
  1882 | D:5      | Reached skill level 5 in Spellcasting
  1882 | D:5      | Reached skill level 5 in Earth Magic
  1892 | D:5      | Noticed an ice beast
  1899 | D:5      | Killed an ice beast
  1920 | D:5      | Killed from afar by an orc priest

Vault maps used:
D:1:      erik_arrival_triangle_small
D:2:      first_ration, uniq_natasha
D:4:      grunt_temple_overflow_open, uniq_blork_the_orc
D:5:      lemuel_castle_with_subvaults, lemuel_temple_firewalk_b, serial_shops,
          nicolae_shop_stone, chequers_ossuary_entry_cave

Skill      XL: |  1  2  3  4  5  6 |
---------------+-------------------+-----
Spellcasting   | 3 4 5 |  5.4
Earth Magic    | 3 4 5 |  5.5
Dodging        | |  1.5
Stealth        | |  1.5
Transmutations | |  0.7

Action                   |  1- 3 |  4- 6 || total
-------------------------+-------+-------++-------
Melee: Dagger            |    48 |    15 ||    63
       Unarmed           |     2 |       ||     2
 Cast: Sandblast         |    42 |    57 ||    99
  Use: Scroll            |       |     7 ||     7
 Stab: Sleeping          |     1 |     1 ||     2
Armor: Robe              |    22 |     5 ||    27
Dodge: Dodged            |    74 |    34 ||   108

Table legend:
 A = Spawn XP
 B = Non-spawn XP
 C = Spawn XP percentage of total XP
 D = Spawn monster count
 E = Non-spawn monster count
 F = Spawn count percentage of total count
 G = Total turns spent on level
                    A         B        C        D         E        F      G
               +---------+---------+-------+---------+---------+-------+---------
         Total |       0 |     653 |   0.0 |       0 |      60 |   0.0 |  1920
               +---------+---------+-------+---------+---------+-------+---------
           D:1 |       0 |      22 |   0.0 |       0 |      14 |   0.0 |   701
           D:2 |       0 |      52 |   0.0 |       0 |      11 |   0.0 |   376
           D:3 |       0 |     166 |   0.0 |       0 |      14 |   0.0 |   282
           D:4 |       0 |      90 |   0.0 |       0 |       7 |   0.0 |   353
           D:5 |       0 |     323 |   0.0 |       0 |      14 |   0.0 |   208
               +---------+---------+-------+---------+---------+-------+---------
